 Dungeon Sprint DCSS version 0.32-a0-886-g41c5271027 (webtiles) character file.

Game seed: 4747872822683628749

71862 ragingrage the Conqueror (level 14, -12/168 HPs)
             Began as a Minotaur Gladiator on Apr 3, 2024.
             Was the Champion of Okawaru.
             Mangled by Mennas
             ... wielding a +4 eudemon blade of holy wrath
              (19 damage)
             ... in the Dungeon (Sprint IX: "|||||||||||||||||||||||||||||").
             The game lasted 00:12:49 (5361 turns).

ragingrage the Conqueror (Minotaur Gladiator)       Turns: 5361, Time: 00:12:49

Health: -12/168    AC: 39    Str: 20    XL:     14   Next: 99%
Magic:  15/19      EV: 14    Int:  5    God:    Okawaru [******]
Gold:   721        SH:  0    Dex: 11    Spells: 13/13 levels left

rFire   + + +        x - +5 great mace "Zinguas" {flame, +Blink rElec rF+++ Str-5}
rCold   + . .        (shield currently unavailable)
rNeg    . . .        w - +3 plate armour {rC+}
rPois   .            z - +2 hat {Will+}
rElec   +            y - +2 cloak
rCorr   .            q - +2 pair of gloves
SInv    .            p - +2 pair of boots
Will    ++...        (no amulet) Stlth
                     m - +2 ring of evasion
HPRegen 0.48/turn    A - +4 ring of protection
MPRegen 0.16/turn

%: no teleportation
@: confused, heroic, on berserk cooldown, slowed, glowing, silenced, very slow
A: horns 2, retaliatory headbutt
a: Renounce Religion, Evoke Blink


You were in the Dungeon.
You worshipped Okawaru.
Okawaru was exalted by your worship.
You visited 1 branch You collected 1945 gold pieces.
You spent 1224 gold pieces at shops.

Inventory:

Hand Weapons
 o - a +2 heavy morningstar
 x - the +5 great mace "Zinguas" (weapon) {flame, +Blink rElec rF+++ Str-5}
   (Okawaru gifted it to you in the Dungeon)

   Str-5:     It affects your strength (-5).
   rF+++:     It renders you almost immune to fire.
   rElec:     It insulates you from electricity.
   +Blink:    It lets you blink.
 D - a +1 great mace
Missiles
 e - 4 javelins
 u - 11 boomerangs (quivered)
 v - 5 atropa-tipped darts
 F - 3 silver javelins
Armour
 p - a +2 pair of boots (worn)
 q - a +2 pair of gloves (worn)
 w - a +3 plate armour of cold resistance (worn)
 y - a +2 cloak (worn)
 z - a +2 hat of willpower (worn)
 M - +0 gold dragon scales
 N - the +0 tower shield of Irpheg {Str-5 Int+3 Slay+2 SInv}
   (You found it in the Dungeon)

   Str-5:     It affects your strength (-5).
   Int+3:     It affects your intelligence (+3).
   Slay+2:    It affects your accuracy & damage with ranged weapons and melee
   (+2).
   SInv:      It lets you see invisible.
Jewellery
 a - a +6 ring of strength
 m - a +2 ring of evasion (left hand)
 r - a ring of protection from fire
 A - a +4 ring of protection (right hand)
 B - a ring of poison resistance
 E - a +4 ring of evasion
 K - a +6 ring of strength
 L - a +6 ring of strength
Talismans
 c - a granite talisman
Wands
 n - a wand of warping (10)
 J - a wand of flame (34)
Scrolls
 k - 2 scrolls of blinking
 l - 2 scrolls of amnesia
 s - 14 scrolls of enchant weapon
 t - a scroll of identify
 G - a scroll of fear
 H - 5 scrolls of fog
 Q - 2 scrolls of enchant armour
Potions
 b - 3 potions of berserk rage
 f - 7 potions of curing
 h - 3 potions of haste
 i - 4 potions of magic
 C - 2 potions of brilliance
 I - a potion of mutation
 O - 2 potions of might
 P - a potion of resistance
Miscellaneous
 j - a lightning rod (4/4)


   Skills:
 O Level 27 Fighting
 - Level 20.0(25.0) Maces & Flails
 + Level 18.1(23.1) Throwing
 - Level 14.0(19.0) Armour
 - Level 14.0(19.0) Dodging
 - Level 9.0 Invocations
 + Level 16.9 Evocations
 + Level 9.8 Shapeshifting


You had 13 spell levels left.
You didn't know any spells.
Your spell library was empty.

Dungeon Overview and Level Annotations

Branches:
Dungeon (1/1)

Altars:
Cheibriados
Dithmenos
Elyvilon
Fedhas
Gozag
Hepliaklqana
Kikubaaqudgha
Makhleb
Nemelex Xobeh
Okawaru
Qazlal
Ru
Sif Muna
Trog
Uskayaw
Vehumet
Wu Jian
Xom
Yredelemnul
Zin
The Shining One
Beogh
Jiyva
Lugonu

Shops:
D :(==

Annotations:
D Mennas


Innate Abilities, Weirdness & Mutations

You have a pair of horns on your head.
You reflexively headbutt those who attack you in melee.


Message History

Mennas hits you but does no damage. Mennas misses you.
You miss Mennas.
Mennas hits you with a +4 eudemon blade of holy wrath!
* * * LOW HITPOINT WARNING * * *
Mennas hits you but does no damage.
You're too confused to move!
Mennas gestures frantically.
You are more confused.
You're too confused to move!
You feel a strong urge to attack something.
You are no longer berserk.
You are exhausted.
You feel yourself slow down.
Mennas gestures frantically.
You are more confused.
Mennas blocks your attack. Mennas hits you but does no damage.
Mennas hits you with a +4 eudemon blade of holy wrath!
* * * LOW HITPOINT WARNING * * *
You bump into the unnaturally hard rock wall.
Mennas hits you but does no damage. x2; Mennas closely misses you.
Mennas hits you but does no damage.
Mennas is caught in a moment of prayer.
Mennas gestures frantically.
You are more confused.
You bump into the unnaturally hard rock wall.
Mennas hits you with a +4 eudemon blade of holy wrath!
* * * LOW HITPOINT WARNING * * *
Mennas hits you with a +4 eudemon blade of holy wrath.
* * * LOW HITPOINT WARNING * * *
Mennas hits you but does no damage. x2
Mennas hits you but does no damage. x2
You bludgeon Mennas!! You burn Mennas.
Mennas gestures frantically.
Mennas's surroundings become eerily quiet.
Mennas barely misses you. x2
Mennas blocks your attack.
Your headbutt misses Mennas. Mennas hits you but does no damage. x2
You bump into the unnaturally hard rock wall.
Mennas hits you but does no damage.
Mennas hits you with a +4 eudemon blade of holy wrath!!
You die...

....)............................
▓▓▓▓▓▓▓▓▓▓▓▓▓▓▓▓▓▓▓▓▓▓▓▓▓▓▓▓▓▓▓▓▓
......'.........[.[.)()))))[+...[
▓▓▓▓▓▓▓▓▓▓▓▓▓▓▓▓▓▓▓▓▓▓▓▓▓▓▓▓▓▓▓▓▓
...........................[.....
▓▓▓▓▓▓▓▓▓▓▓▓▓▓▓▓▓▓▓▓▓▓▓▓▓▓▓▓▓▓▓▓▓
.......'.....................[.[[
▓▓▓▓▓▓▓▓▓▓▓▓▓▓▓▓▓▓▓▓▓▓▓▓▓▓▓▓▓▓▓▓▓
................@A......(
▓▓▓▓▓▓▓▓▓▓▓▓▓▓▓▓▓▓▓▓▓▓▓▓▓


You could see Mennas (silencing).

Vanquished Creatures
  Boris (D)
  Jory (D)
  Gastronok (D)
  Donald (D)
  Agnes (D)
  A tengu reaver (D)
  A fire giant (D)
  A frost giant (D)
  4 vault wardens (D)
  A ghost moth (D)
  3 stone giants (D)
  A formless jellyfish (D)
  A broodmother (D)
  An ironbound preserver (D)
  An ironbound thunderhulk (D)
  A very ugly thing (D)
  3 eleionomae (D)
  2 spark wasps (D)
  Snorg (D)
  A merfolk javelineer (D)
  An ettin (D)
  A merfolk impaler (D)
  2 fire dragons (D)
  An entropy weaver (D)
  3 great orbs of eyes (D)
  2 rakshasas (D)
  A peacekeeper (D)
  A ghost crab (D)
  A salamander tyrant (D)
  A jorogumo (D)
  2 catoblepae (D)
  3 hydras (D)
  2 alligators (D)
  An alligator snapping turtle (D)
  3 ironbound frosthearts (D)
  A centaur warrior (D)
  6 death yaks (D)
  A deep troll earth mage (D)
  A demonic crawler (D)
  A deep troll shaman (D)
  A naga warrior (D)
  A spriggan berserker (D)
  A naga sharpshooter (D)
  A hell knight (D)
  A skeletal warrior (D)
  A sea snake (D)
  A glowing orange brain (D)
  An orb spider (D)
  2 swamp dragons (D)
  A sun moth (D)
  An arcanist (D)
  2 mana vipers (D)
  9 orc knights (D)
  3 ironbound convokers (D)
  A shining eye (shapeshifter) (D)
  A necromancer (D)
  An ugly thing (D)
  A steelbarb worm (D)
  2 manticores (D)
  A meliai (shapeshifter) (D)
  A cyclops (D)
  3 black mambas (D)
  A vault sentinel (D)
  A guardian serpent (shapeshifter) (D)
  A guardian serpent (D)
  A water nymph (D)
  A naga mage (D)
  3 cane toads (D)
  A yaktaur (D)
  3 komodo dragons (D)
  A rime drake (D)
  Psyche (D)
  3 merfolk (D)
  A snapping turtle (D)
  A slime creature (D)
  A glass eye (D)
  A wraith (D)
  4 yaks (D)
  3 wyverns (D)
  A vampire mosquito (D)
  A redback (D)
  A water moccasin (D)
  A naga (D)
  15 orc warriors (D)
  A centaur (D)
  A kobold brigand (D)
  2 bullfrogs (D)
  A howler monkey (D)
  A jelly (D)
  3 orc priests (D)
  A sleepcap (D)
  4 orc wizards (D)
  An adder (D)
  8 orcs (D)
  A bat (D)
  A hobgoblin (D)
  A kobold (D)
  A bat simulacrum (D)
  A frilled lizard (D)
  A rat (D)
176 creatures vanquished.

Vanquished Creatures (others)
  A fire giant (D)
  A fire dragon (D)
  An unseen horror (D)
  A boggart (D)
  3 orc wizards (D)
7 creatures vanquished.

Grand Total: 183 creatures vanquished

Notes
Turn   | Place    | Note
-------+----------+-------------------------------------------
     0 | D        | ragingrage the Minotaur Gladiator began the quest for the
                  | Orb.
     0 | D        | Reached XP level 1. HP: 18/18 MP: 0/0
     6 | D        | Reached skill level 3 in Fighting
    18 | D        | Noticed a sleepcap
    18 | D        | Noticed a howler monkey
    18 | D        | Noticed a jelly
    26 | D        | Reached skill level 4 in Fighting
    26 | D        | Reached skill level 5 in Maces & Flails
    26 | D        | Reached XP level 2. HP: 28/28 MP: 1/1
    29 | D        | Reached skill level 6 in Fighting
    29 | D        | Reached XP level 3. HP: 33/37 MP: 2/2
    32 | D        | Reached skill level 7 in Fighting
    32 | D        | Reached XP level 4. HP: 34/47 MP: 3/3
    35 | D        | Reached skill level 8 in Fighting
    47 | D        | Found a roughly hewn altar of Beogh.
    47 | D        | Found a snail-covered altar of Cheibriados.
    47 | D        | Found a shadowy altar of Dithmenos.
    47 | D        | Found a white marble altar of Elyvilon.
    47 | D        | Found a blossoming altar of Fedhas.
    47 | D        | Found an opulent altar of Gozag.
    71 | D        | Found a hazy altar of Hepliaklqana.
    72 | D        | Found a viscous altar of Jiyva.
    73 | D        | Found an ancient bone altar of Kikubaaqudgha.
    74 | D        | Found a corrupted altar of Lugonu.
    75 | D        | Found a burning altar of Makhleb.
    76 | D        | Found a sparkling altar of Nemelex Xobeh.
    77 | D        | Found an iron altar of Okawaru.
    78 | D        | Found a stormy altar of Qazlal.
    79 | D        | Found a sacrificial altar of Ru.
    80 | D        | Found a shimmering blue altar of Sif Muna.
    81 | D        | Found a bloodstained altar of Trog.
    82 | D        | Found a hide-covered altar of Uskayaw.
    83 | D        | Found a radiant altar of Vehumet.
    84 | D        | Found an ornate altar of the Wu Jian Council.
    85 | D        | Became a worshipper of Warmaster Okawaru
    86 | D        | Found a shimmering altar of Xom.
    87 | D        | Found a basalt altar of Yredelemnul.
    88 | D        | Found a glowing silver altar of Zin.
    89 | D        | Found a glowing golden altar of the Shining One.
   132 | D        | Got the +2 halberd "Ukyrylei" {vamp, rC+ rCorr Int+2}
   171 | D        | Noticed a kobold brigand
   171 | D        | Noticed a centaur
   171 | D        | Noticed a yak
   175 | D        | Killed a yak
   176 | D        | Reached skill level 10 in Fighting
   176 | D        | Reached XP level 5. HP: 44/58 MP: 4/4
   178 | D        | Killed an unseen horror
   181 | D        | Killed a centaur
   181 | D        | Reached * piety under Okawaru
   182 | D        | Reached XP level 6. HP: 47/67 MP: 5/5
   185 | D        | Reached skill level 11 in Fighting
   275 | D        | Noticed a wraith
   275 | D        | Noticed a five-headed hydra
   275 | D        | Noticed a cyclops
   275 | D        | Noticed a warg
   275 | D        | Noticed a skeletal warrior
   275 | D        | Noticed a manticore
   281 | D        | Killed a manticore
   281 | D        | Reached ** piety under Okawaru
   282 | D        | Reached skill level 12 in Fighting
   282 | D        | Reached skill level 15 in Maces & Flails
   282 | D        | Reached XP level 7. HP: 44/77 MP: 3/9
   285 | D        | Killed a skeletal warrior
   285 | D        | Reached *** piety under Okawaru
   286 | D        | Reached skill level 14 in Fighting
   286 | D        | Reached XP level 8. HP: 48/90 MP: 4/10
   291 | D        | Killed a cyclops
   292 | D        | Reached skill level 15 in Fighting
   294 | D        | Killed a five-headed hydra
   294 | D        | Reached **** piety under Okawaru
   294 | D        | Reached ***** piety under Okawaru
   295 | D        | Reached XP level 9. HP: 51/97 MP: 3/11
   295 | D        | a warg changed into a meliai
   295 | D        | Noticed a meliai (shapeshifter)
   296 | D        | Killed a meliai
   297 | D        | Reached skill level 16 in Fighting
   639 | D        | Noticed a cane toad
   639 | D        | Noticed a komodo dragon
   646 | D        | Noticed a komodo dragon
   650 | D        | Killed a komodo dragon
   651 | D        | Reached skill level 17 in Fighting
   651 | D        | Noticed a rime drake
   657 | D        | Killed a cane toad
   658 | D        | Reached skill level 5 in Dodging
   658 | D        | Reached skill level 5 in Invocations
   659 | D        | Killed a komodo dragon
   660 | D        | Reached XP level 10. HP: 91/111 MP: 10/13
   667 | D        | Reached skill level 5 in Throwing
   772 | D        | Noticed a black mamba
   772 | D        | Noticed a cane toad
   775 | D        | Noticed a seven-headed hydra
   776 | D        | Noticed a black mamba
   780 | D        | Noticed a cane toad
   782 | D        | Killed a cane toad
   782 | D        | Received a gift from Okawaru
   783 | D        | Killed a black mamba
   787 | D        | Killed a seven-headed hydra
   794 | D        | Killed a black mamba
   795 | D        | Killed a cane toad
   990 | D        | Noticed a death yak
   990 | D        | Noticed a death yak
   990 | D        | Noticed a death yak
   990 | D        | Noticed a catoblepas
   990 | D        | Noticed a death yak
   992 | D        | Noticed a death yak
   993 | D        | Killed a death yak
   993 | D        | Reached ****** piety under Okawaru
   994 | D        | Killed a death yak
   994 | D        | Killed a catoblepas
   994 | D        | Noticed a death yak
   995 | D        | Reached skill level 10 in Dodging
   995 | D        | Reached XP level 11. HP: 117/117 MP: 16/16
   997 | D        | Killed a death yak
   998 | D        | Reached skill level 10 in Throwing
  1002 | D        | Killed a death yak
  1003 | D        | Reached skill level 18 in Fighting
  1006 | D        | Killed a death yak
  1006 | D        | Received a gift from Okawaru
  1010 | D        | Killed a death yak
  1011 | D        | Reached skill level 19 in Fighting
  1033 | D        | Acquired the +5 great mace "Zinguas" {flame, +Blink rElec
                  | rF+++ Str-5}
  1033 | D        | Received a gift from Okawaru
  1139 | D        | Noticed Gastronok
  1158 | D        | Killed Gastronok
  1383 | D        | Reached skill level 20 in Fighting
  1455 | D        | Found Pipafaw's Jewellery Boutique.
  1455 | D        | Noticed an orc knight
  1455 | D        | Noticed an orc knight
  1455 | D        | Noticed an orc knight
  1455 | D        | Noticed an orc knight
  1460 | D        | Killed an orc knight
  1460 | D        | Killed an orc knight
  1460 | D        | Noticed an orc knight
  1461 | D        | Killed an orc knight
  1461 | D        | Received a gift from Okawaru
  1461 | D        | Killed an orc knight
  1462 | D        | Noticed an orc knight
  1463 | D        | Found Tocagaic's Jewellery Shop.
  1463 | D        | Noticed an orc knight
  1465 | D        | Found Gyfo's Antique Weapon Boutique.
  1468 | D        | Killed an orc knight
  1468 | D        | Noticed an orc knight
  1469 | D        | Reached skill level 1 in Evocations
  1469 | D        | Reached XP level 12. HP: 43/134 MP: 15/17
  1710 | D        | Reached skill level 21 in Fighting
  1712 | D        | Found Vuat Fong's Book Shop.
  1752 | D        | Bought a granite talisman for 720 gold pieces
  1754 | D        | Bought a +4 ring of protection for 504 gold pieces
  1877 | D        | Got the +0 robe "Xaclishri" {-Tele Str+4 Int+7}
  1882 | D        | Got the +0 chain mail of Defiance {Fly rC+}
  1934 | D        | Noticed a catoblepas
  1942 | D        | Killed a catoblepas
  1943 | D        | Noticed a stone giant
  1948 | D        | Received a gift from Okawaru
  1960 | D        | Killed a stone giant
  1962 | D        | Noticed a rakshasa
  1964 | D        | Noticed a rakshasa
  1967 | D        | Noticed a stone giant
  1968 | D        | Reached skill level 22 in Fighting
  1968 | D        | Killed a rakshasa
  1975 | D        | Noticed a purple very ugly thing
  1978 | D        | Killed a rakshasa
  1979 | D        | Reached skill level 5 in Shapeshifting
  1987 | D        | Killed a stone giant
  1987 | D        | Received a gift from Okawaru
  1990 | D        | Killed a purple very ugly thing
  2000 | D        | Noticed a fire dragon
  2217 | D        | Killed a fire dragon
  2218 | D        | Reached skill level 23 in Fighting
  2252 | D        | Noticed Psyche
  2257 | D        | Killed Psyche
  2321 | D        | Noticed an entropy weaver
  2331 | D        | Noticed a broodmother
  2332 | D        | Noticed a jorogumo
  2343 | D        | Killed a ghost moth
  2343 | D        | Received a gift from Okawaru
  2349 | D        | Noticed a demonic crawler
  2355 | D        | Killed an entropy weaver
  2356 | D        | Reached skill level 24 in Fighting
  2356 | D        | Reached XP level 13. HP: 116/150 MP: 1/18
  2359 | D        | Killed a broodmother
  2462 | D        | Noticed an eleionoma
  2462 | D        | Noticed an eleionoma
  2475 | D        | Killed an eleionoma
  2476 | D        | Reached skill level 5 in Evocations
  2477 | D        | Noticed an eleionoma
  2478 | D        | Killed an eleionoma
  2479 | D        | Reached skill level 25 in Fighting
  2491 | D        | Received a gift from Okawaru
  2499 | D        | Killed an eleionoma
  2642 | D        | Reached skill level 26 in Fighting
  2760 | D        | Noticed a merfolk impaler
  2761 | D        | Noticed a merfolk javelineer
  2773 | D        | Killed a merfolk javelineer
  2774 | D        | Reached skill level 10 in Evocations
  2781 | D        | Killed a merfolk impaler
  2782 | D        | Reached skill level 27 in Fighting
  2785 | D        | Received a gift from Okawaru
  3069 | D        | Noticed Donald
  3085 | D        | HP: 5/159 [Donald/+5 long sword of pain (5)]
  3089 | D        | Killed Donald
  3454 | D        | Noticed Agnes
  3458 | D        | Killed Agnes
  3508 | D        | Noticed Snorg
  3515 | D        | Killed Snorg
  3559 | D        | Noticed a tengu reaver
  3559 | D        | Noticed a fire giant
  3559 | D        | Noticed a fire dragon
  3559 | D        | Noticed a fire dragon
  3559 | D        | Noticed a fire giant
  3568 | D        | Killed a fire giant
  3572 | D        | Received a gift from Okawaru
  3573 | D        | Reached XP level 14. HP: 163/168 MP: 12/19
  3593 | D        | Killed a fire giant
  3598 | D        | Noticed a stone giant
  3600 | D        | Killed a tengu reaver
  3610 | D        | Killed a stone giant
  3611 | D        | Reached skill level 15 in Throwing
  3612 | D        | Received a gift from Okawaru
  3612 | D        | Noticed a frost giant
  3827 | D        | Killed a frost giant
  4117 | D        | Acquired a scarf of repulsion
  4117 | D        | Received a gift from Okawaru
  4126 | D        | Noticed an ironbound preserver
  4126 | D        | Noticed a vault warden
  4134 | D        | Killed a vault warden
  4146 | D        | Killed an ironbound preserver
  4149 | D        | Received a gift from Okawaru
  4150 | D        | Noticed a vault warden
  4150 | D        | Noticed a formless jellyfish
  4154 | D        | Noticed an ironbound thunderhulk
  4155 | D        | Killed a vault warden
  4155 | D        | Paralysed by a formless jellyfish for 1 turns
  4156 | D        | Reached skill level 15 in Evocations
  4157 | D        | Killed a formless jellyfish
  4159 | D        | Killed an ironbound thunderhulk
  4159 | D        | Noticed a vault warden
  4173 | D        | Killed a vault warden
  4179 | D        | Noticed a vault warden
  4187 | D        | Received a gift from Okawaru
  4198 | D        | Killed a vault warden
  4781 | D        | Identified the +4 robe "Seurucs" {Will+ Int+3}
  4781 | D        | Noticed Boris
  4794 | D        | Killed Boris
  4862 | D        | Noticed Jory
  4883 | D        | Killed Jory
  5183 | D        | Got the +0 tower shield of Irpheg {Str-5 Int+3 Slay+2 SInv}
  5327 | D        | Noticed Mennas
  5357 | D        | HP: 6/168 [Mennas/+4 eudemon blade of holy wrath (8)]
  5361 | D        | Mangled by Mennas

Illustrated notes

Levels and vault maps discovered:
D:        linesprint [early_d, line_temple, items_1, d_10, items_2, lair_1,
          lair_end, items_3, orc_1, orc_end, items_4, d_15, swamp_1, shoals_1,
          snake_1, spider_1, d_20, vaults_1, items_5, swamp_end, shoals_end,
          snake_end, spider_end, vaults_end, d_27, items_6, zot_1, zot_end,
          crypt_end, forest_end, elf_end, slime_end, tomb_end, abyss_end,
          pan_hell_end]

Skill      XL: |  1  2  3  4  5  6  7  8  9 10 11 12 13 14 |
---------------+-------------------------------------------+-----
Fighting       | 4 6 7 10 12 14 15 17 20 24 27 | 27.0
Maces & Flails | 5 6 8 11 12 15 16 19 20 | 20.0
Invocations    | 4 5 9 |  9.0
Armour         | 11 14 | 14.0
Throwing       | 4 9 10 12 18 | 18.1
Dodging        | 5 10 11 14 | 14.0
Evocations     | 1 3 10 16 | 16.9
Shapeshifting  | 8 9 |  9.8

Action                     |  1- 3 |  4- 6 |  7- 9 | 10-12 | 13-15 || total
---------------------------+-------+-------+-------+-------+-------++-------
  Melee: Flail             |    18 |     6 |       |       |       ||    24
         Headbutt          |     1 |     2 |     8 |    44 |    68 ||   123
         Morningstar       |       |    14 |    34 |    41 |       ||    89
         Great mace        |       |       |       |   136 |   231 ||   367
  Throw: Javelin           |       |     1 |       |     4 |    14 ||    19
         Throwing net      |       |       |       |     1 |     3 ||     4
         Boomerang         |       |       |       |       |     3 ||     3
 Invoke: Heroism           |       |     1 |     2 |     6 |     6 ||    15
         Receive Weapon    |       |       |       |     1 |       ||     1
         Finesse           |       |       |       |     1 |     4 ||     5
         Receive Armour    |       |       |       |       |     1 ||     1
  Evoke: Lightning rod     |       |       |       |    18 |    21 ||    39
         Wand              |       |       |       |       |     2 ||     2
    Use: Potion            |     1 |     1 |     1 |     2 |     3 ||     8
         Scroll            |       |       |       |     6 |       ||     6
   Stab: Held in net/web   |       |       |       |     1 |     1 ||     2
 Armour: Leather armour    |     7 |     1 |       |       |       ||     8
         Plate armour      |       |    17 |    23 |    67 |    65 ||   172
         Swamp dragon scal |       |       |       |    53 |   122 ||   175
  Dodge: Dodged            |     7 |    13 |    19 |    85 |   105 ||   229
         Form:             |       |       |       |       |     1 ||     1
         Statue            |       |       |       |       |     1 ||     1

Table legend: (Time is in decaauts)
 A = Elapsed time spent in this place.
 B = Non-inter-level travel time spent in this place.
 C = Inter-level travel time spent in this place.
 D = Time resting spent in this place.
 E = Time spent auto-exploring this place.
 F = Levels seen in this place.
 G = Mean time per level.
                   A        B        C        D        E       F      G
               +--------+--------+--------+--------+--------+-----+--------+
         Total |   5252 |   5252 |      0 |   2619 |   1020 |   1 | 5252.0 |
       Dungeon |   5252 |   5252 |      0 |   2619 |   1020 |   1 | 5252.0 |
               +--------+--------+--------+--------+--------+-----+--------+

Top non-repeatable levels by time:
       D: 5252 daAuts
